 Dungeon Crawl Stone Soup version 0.21-a0-84-g85d6d27 (webtiles) character file.

6874 terra52 the Thaumaturge (level 11, -3/84 HPs)
             Began as a Gnoll Skald on July 2, 2017.
             Was an Initiate of Gozag.
             Slain by a freezing wraith (17 damage)
             ... led by a death knight
             ... on level 10 of the Dungeon.
             The game lasted 00:46:46 (11141 turns).

terra52 the Thaumaturge (Gnoll Skald)              Turns: 11141, Time: 00:47:16

Health: -3/84      AC: 16    Str: 13    XL:     11   Next: 6%
Magic:  20/23      EV: 15    Int: 19    God:    Gozag
Gold:   227        SH:  4    Dex: 20    Spells: 17/26 levels left

rFire    . . .     SeeInvis .   E - +4 quarterstaff (speed)
rCold    . . .     Gourm    .   (shield currently unavailable)
rNeg     . . .     Faith    .   Y - +3 ring mail {MR+}
rPois    .         Spirit   .   C - +1 helmet
rElec    .         Reflect  +   W - +2 cloak "Qiam" {Int+5}
rCorr    .         Harm     .   (no gloves)
MR       +....                  u - +0 pair of boots
Stlth    ++++......             r - +4 amulet of reflection
HPRegen  1.24/turn              f - ring of stealth
MPRegen  0.18/turn              y - +6 ring of dexterity

@: gold aura, regenerating
A: short attention span, fangs 1, strong nose
a: Potion Petition, Call Merchant, Bribe Branch, Renounce Religion


You were on level 10 of the Dungeon.
You worshipped Gozag.
Gozag was aware of your devotion.
You were not hungry.

You visited 3 branches of the dungeon, and saw 13 of its levels.

You collected 2054 gold pieces.
You spent 477 gold pieces at shops.
You paid 1350 gold pieces to Gozag.

Inventory:

Hand Weapons
 a - a +0 hand axe
 k - a +1 dagger of speed
 E - a +4 quarterstaff of speed (weapon)
 M - a +1 flail of holy wrath
 Q - a +0 spear
 S - a +0 blowgun
Missiles
 j - 293 stones
 v - 6 tomahawks (quivered)
 R - 4 poisoned needles
 T - 3 curare-tipped needles
Armour
 b - a +0 leather armour
 e - a scarf of resistance
 s - a +0 cloak
 u - a +0 pair of boots (worn)
 C - a +1 helmet (worn)
 W - the +2 cloak "Qiam" (worn) {Int+5}
   (You bought it in a shop on level 9 of the Dungeon)

   It affects your intelligence (+5).
 Y - a +3 ring mail of magic resistance (worn)
Jewellery
 f - a ring of stealth (left hand)
 r - a +4 amulet of reflection (around neck)
 y - a +6 ring of dexterity (right hand)
 G - an uncursed amulet of magic regeneration
Wands
 m - a wand of flame (23/48)
 o - a wand of polymorph (16/24)
 J - a wand of digging (6/24)
 N - a wand of acid (3/15)
Scrolls
 g - 6 scrolls of identify
 l - 2 scrolls of amnesia
 p - 5 scrolls of magic mapping
 q - 3 scrolls of teleportation
 z - a scroll of immolation {unknown}
 H - 3 scrolls of remove curse
 I - a scroll of blinking {unknown}
 L - a scroll of summoning
 O - a scroll of noise {unknown}
 P - a scroll of recharging {unknown}
 U - 2 scrolls of brand weapon {unknown}
 Z - a scroll of enchant armour {unknown}
Potions
 i - 2 potions of curing
 n - a potion of might {unknown}
 w - 2 potions of mutation {unknown}
 x - a potion of agility {unknown}
 B - a potion of ambrosia {unknown}
 D - a potion of flight {unknown}
 F - a potion of lignification
 K - 3 potions of berserk rage
 X - 2 potions of magic {unknown}
Books
 c - a book of Battle

   Spells                             Type                      Level
   a - Infusion                       Charms                       1
   b - Shroud of Golubria             Charms/Translocation         2
   c - Song of Slaying                Charms                       2
   d - Spectral Weapon                Hexes/Charms                 3
   e - Regeneration                   Charms/Necromancy            3
 A - a book of the Warp

   Spells                             Type                      Level
   a - Gell's Gravitas                Translocation                3
   b - Portal Projectile              Hexes/Translocation          3
   c - Force Lance                    Conjuration/Translocation    4
   d - Dispersal                      Translocation                6
   e - Controlled Blink               Translocation                8
   f - Disjunction                    Translocation                8
Miscellaneous
 V - a phial of floods (inert)
Comestibles
 d - 3 bread rations
 h - 9 royal jellies


   Skills:
 + Level 7.3 Fighting
 + Level 6.3(8.1) Axes
 * Level 6.4(8.2) Maces & Flails
 * Level 7.4(8.7) Polearms
 - Level 8.0(9.0) Staves
 + Level 6.2 Throwing
 + Level 5.8 Armour
 + Level 6.4 Dodging
 + Level 7.4 Stealth
   Level 1.9 Shields
 + Level 8.1 Spellcasting
 + Level 5.5 Hexes
 + Level 8.0 Charms
 + Level 4.0 Necromancy
 + Level 3.0 Evocations


You had 17 spell levels left.
You knew the following spells:

 Your Spells              Type           Power        Failure   Level  Hunger
a - Infusion              Chrm           ####         1%          1    None
b - Spectral Weapon       Hex/Chrm       ####....     3%          3    None
c - Regeneration          Chrm/Necr      ####......   4%          3    None
d - Song of Slaying       Chrm           #####...     1%          2    None


Dungeon Overview and Level Annotations

Branches:
Dungeon (10/15)            Temple (1/1) D:5             Orc (2/2) D:9
   Lair: D:8-11         Elf: Orc:2

Altars:
Ashenzari
Cheibriados
Dithmenos
Elyvilon
Fedhas
Gozag
Hepliaklqana
Kikubaaqudgha
Makhleb
Nemelex Xobeh
Okawaru
Qazlal
Ru
Sif Muna
Trog
Uskayaw
Vehumet
Wu Jian
Xom
Yredelemnul
Zin
The Shining One

Shops:
D:8 *   D:9 [   Orc:1 ?

Annotations:
D:8 Potronius's ghost, journeyman DECj; Psyche
Orc:2 Saint Roka


Innate Abilities, Weirdness & Mutations

You have a short attention span.
You have very sharp teeth.
Your uncanny sense of smell can sniff out nearby items.


Message History

You block the freezing wraith's attack. The freezing wraith hits you.
The freezing wraith freezes you!
* * * LOW HITPOINT WARNING * * *
The freezing wraith misses you.
You hit the freezing wraith but do no damage.
The freezing wraith is almost destroyed.
You thump the freezing wraith!
You destroy the freezing wraith!
Your Necromancy skill increases to level 4!
Your Evocations skill increases to level 3!
The freezing wraith misses you.
The freezing wraith hits you but does no damage.
You see here 13 arrows.
Casting: Spectral Weapon
Confirm with . or Enter, or press ? or * to list all spells.
Your skin crawls.
The freezing wraith hits you.
* * * LOW HITPOINT WARNING * * *
The freezing wraith freezes you!
You die...
Your body crumbles into a pile of gold.

####### ###########.....#
....$...........#
................#
................ ######
##................ #....#
..............##########....###
........$....W@.............'..
#......$.....##########....###
#............# #...........#
#............# #.......).#####
#........$...# #.........#....
#.!...[..$$..# #.........#....
p#.#............###.........#....
o'...[......................'....
o##################.........#....


You could see a freezing wraith.

Vanquished Creatures
  A stone giant (Orc:1)
  2 two-headed ogres
  A freezing wraith (D:10)
  A troll (D:10)
  2 hippogriffs
  3 hungry ghosts
  A warg (Orc:1)
  A water moccasin (D:10)
  2 orc warriors (Orc:1)
  An ice beast (D:10)
  A sky beast (D:5)
  The ghost of olourkin the Chucker, an amateur TrHu (D:3)
  5 ogres
  A necrophage (D:5)
  A phantom (D:6)
  A crocodile (D:8)
  2 centaurs
  A big kobold (D:7)
  2 bullfrogs
  4 scorpions
  A water moccasin skeleton (D:5)
  3 wights (D:10)
  A crimson imp (D:7)
  A bullfrog zombie (D:8)
  5 jellies
  A gnoll shaman (D:7)
  9 orc priests
  3 hounds
  7 orc wizards
  2 bullfrog skeletons
  Ijyb (D:3)
  2 iguanas
  4 worker ants
  2 hound zombies
  A howler monkey zombie (D:5)
  12 gnolls
  8 adders
  A shadow imp (D:7)
  8 oozes
  3 worms
  A dart slug (D:2)
  7 leopard geckos
  39 orcs
  7 giant cockroaches
  7 goblins
  6 hobgoblins
  11 jackals
  12 kobolds
  3 quokkas
  A ball python (D:3)
  5 bats
  4 frilled lizards
  A leopard gecko skeleton (D:4)
  A quokka skeleton (D:9)
  9 rats
223 creatures vanquished.

Vanquished Creatures (others)
  An orc (Orc:2)
  A kobold (D:7)
  3 spectral weapons
5 creatures vanquished.

Grand Total: 228 creatures vanquished

Notes
Turn   | Place    | Note
-------+----------+-------------------------------------------
     0 | D:1      | terra52 the Gnoll Skald began the quest for the Orb.
     0 | D:1      | Reached XP level 1. HP: 18/18 MP: 5/5
    14 | D:1      | Reached skill level 5 in Charms
   199 | D:1      | Reached XP level 2. HP: 20/24 MP: 6/6
   733 | D:1      | Reached XP level 3. HP: 25/29 MP: 8/8
  1367 | D:2      | Learned a level 3 spell: Spectral Weapon
  1371 | D:2      | Learned a level 3 spell: Regeneration
  1374 | D:2      | Learned a level 2 spell: Song of Slaying
  1735 | D:2      | Reached XP level 4. HP: 24/35 MP: 6/10
  1964 | D:2      | Found an ancient bone altar of Kikubaaqudgha.
  1964 | D:2      | Found a blossoming altar of Fedhas.
  2784 | D:3      | Noticed Ijyb
  2801 | D:3      | Killed Ijyb
  2821 | D:3      | Reached skill level 1 in Stealth
  3160 | D:3      | Noticed olourkin's ghost (amateur TrHu)
  3465 | D:3      | Killed olourkin's ghost
  3465 | D:3      | Reached skill level 5 in Axes
  3465 | D:3      | Reached skill level 1 in Throwing
  3465 | D:3      | Reached skill level 1 in Hexes
  3465 | D:3      | Reached XP level 5. HP: 22/43 MP: 5/11
  4109 | D:4      | Reached XP level 6. HP: 41/49 MP: 6/12
  4116 | D:4      | Reached skill level 1 in Shields
  4373 | D:4      | Reached skill level 1 in Necromancy
  4513 | D:4      | Reached skill level 1 in Staves
  4513 | D:4      | Reached XP level 7. HP: 55/55 MP: 11/14
  4705 | D:4      | Reached skill level 5 in Spellcasting
  4805 | D:5      | Entered Level 5 of the Dungeon
  4872 | D:5      | Found a staircase to the Ecumenical Temple.
  4883 | Temple   | Entered the Ecumenical Temple
  5014 | Temple   | Became a worshipper of Gozag Ym Sagoz the Greedy
  5128 | D:5      | Reached skill level 5 in Fighting
  5326 | D:5      | Found a sparkling altar of Nemelex Xobeh.
  5764 | D:5      | Reached XP level 8. HP: 61/62 MP: 13/16
  5791 | D:5      | Reached skill level 5 in Staves
  6004 | D:5      | Found a shadowy altar of Dithmenos.
  6260 | D:6      | Found a glowing silver altar of Zin.
  6260 | D:6      | Found a glowing golden altar of the Shining One.
  6260 | D:6      | Found a hide-covered altar of Uskayaw.
  6260 | D:6      | Found a white marble altar of Elyvilon.
  6282 | D:6      | Found a deep blue altar of Sif Muna.
  6284 | D:6      | Found a snail-covered altar of Cheibriados.
  6528 | D:6      | Found a bloodstained altar of Trog.
  6602 | D:6      | Reached skill level 5 in Stealth
  6845 | D:7      | Reached skill level 5 in Dodging
  6997 | D:7      | Found a radiant altar of Vehumet.
  7245 | D:7      | Reached XP level 9. HP: 36/69 MP: 14/18
  7886 | D:8      | Noticed Potronius's ghost (journeyman DECj)
  7944 | D:7      | Reached skill level 1 in Polearms
  8161 | D:8      | Bought a potion of degeneration for 15 gold pieces
  8506 | D:8      | Reached skill level 1 in Maces & Flails
  8651 | D:8      | Noticed Psyche
  8718 | D:9      | Found an ornate altar of the Wu Jian Council.
  8799 | D:9      | Noticed a two-headed ogre
  8889 | D:9      | Killed a two-headed ogre
  8889 | D:9      | Reached skill level 5 in Throwing
  8889 | D:9      | Reached skill level 5 in Armour
  8889 | D:9      | Reached XP level 10. HP: 71/77 MP: 14/21
  8941 | D:9      | Reached skill level 5 in Polearms
  9189 | D:9      | Found a sparkling altar of Nemelex Xobeh.
  9336 | D:9      | Found a staircase to the Orcish Mines.
  9350 | Orc:1    | Entered Level 1 of the Orcish Mines
  9406 | Orc:1    | Noticed a stone giant
  9426 | Orc:1    | Killed a stone giant
  9426 | Orc:1    | Reached skill level 5 in Hexes
  9426 | Orc:1    | Reached skill level 1 in Evocations
  9576 | Orc:1    | Found Sago's Magic Scroll Shop.
  9763 | Orc:1    | Reached skill level 5 in Maces & Flails
 10055 | D:9      | Bought a twisted cloak for 266 gold pieces
 10055 | D:9      | Identified the +2 cloak "Qiam" {Int+5} (You bought it in a shop on level 9 of the Dungeon)
 10341 | D:10     | Entered Level 10 of the Dungeon
 10455 | D:9      | Bought a shiny ring mail for 196 gold pieces
 10660 | D:10     | Noticed a two-headed ogre
 10673 | D:10     | Killed a two-headed ogre
 10725 | D:10     | Noticed a death knight
 10866 | Orc:2    | Entered Level 2 of the Orcish Mines
 10928 | Orc:2    | Reached XP level 11. HP: 79/84 MP: 23/23
 11003 | Orc:2    | Noticed Saint Roka
 11141 | D:10     | Slain by a freezing wraith

Vault maps used:
D:1:      erik_arrival_gehennom, minmay_curled_crystal, minivault_24
D:2:      grunt_temple_overflow_growth_and_decay, minmay_tree_intersection,
          hangedman_decor_opposing
D:3:      grunt_decor_fettered, kennysheep_generic_room_8, uniq_ijyb
D:4:      first_bread
D:5:      kennysheep_mini, minmay_temple_entry_crystal_x, basic_altar
D:6:      minmay_overflow_temple_hex, lemuel_crystal_altar
D:7:      vehumet_altar_wand_db, serial_column_ruins, column_ruins_hut,
          column_ruins_hut_ruined, column_ruins_open_tiny,
          column_ruins_open_large, column_ruins_columns_dead_end,
          column_ruins_grid_1, column_ruins_columns_straight
D:8:      hangedman_little_slice_of_home, st_stairs_10, uniq_psyche
D:9:      kennysheep_mini_moat, lemuel_round_altar, orc_0_dummy
Temple:   nicolae_temple_figure_zero
Orc:1:    serial_shops, shop, nicolae_orc_rockfall
Orc:2:    st_orc_mages, serial_shops, shop, uniq_saint_roka

Skill      XL: |  1  2  3  4  5  6  7  8  9 10 11 |
---------------+----------------------------------+-----
Charms         | 5 6 7 8 |  8.0
Spellcasting   | 4 5 6 7 8 |  8.1
Armour         | 2 3 4 5 |  5.8
Axes           | 4 5 6 |  6.3
Stealth        | 1 2 3 4 6 7 |  7.4
Dodging        | 4 5 6 |  6.4
Fighting       | 4 5 6 7 |  7.3
Throwing       | 1 3 4 5 6 |  6.2
Hexes          | 1 2 3 4 5 |  5.5
Shields        | 1 |  1.9
Necromancy     | 1 3 4 |  4.0
Staves         | 1 4 7 8 |  8.0
Polearms       | 4 7 |  7.4
Maces & Flails | 3 6 |  6.4
Evocations     | 2 3 |  3.0

Action                   |  1- 3 |  4- 6 |  7- 9 | 10-12 || total
-------------------------+-------+-------+-------+-------++-------
Melee: Hand axe          |   107 |   145 |       |       ||   252
       Dagger            |     5 |       |       |       ||     5
       Bite              |    11 |    15 |    22 |    17 ||    65
       Quarterstaff      |       |    22 |   309 |   148 ||   479
 Fire: Blowgun           |       |       |    11 |       ||    11
Throw: Tomahawk          |     4 |    13 |    52 |    14 ||    83
       Stone             |     4 |     3 |       |     2 ||     9
 Cast: Infusion          |     2 |       |       |       ||     2
       Spectral Weapon   |     2 |    12 |    21 |     8 ||    43
       Regeneration      |     1 |     8 |    18 |     7 ||    34
Invok: Call Merchant     |       |       |     1 |     1 ||     2
Evoke: Wand              |       |       |       |     5 ||     5
       Phial of floods   |       |       |       |     1 ||     1
  Use: Scroll            |       |     1 |     4 |     7 ||    12
       Potion            |       |       |     3 |       ||     3
 Stab: Sleeping          |     3 |     7 |     7 |     6 ||    23
       Distracted        |       |     1 |     2 |     3 ||     6
  Eat: Chunk             |     3 |    11 |     2 |       ||    16
       Fruit             |       |       |     6 |       ||     6
       Royal jelly       |       |       |     2 |       ||     2
       Bread ration      |       |       |     2 |     2 ||     4
Armor: Leather armour    |    32 |    38 |    43 |     5 ||   118
       Skin              |       |       |    14 |       ||    14
       Ring mail         |       |       |       |    18 ||    18
Dodge: Dodged            |    75 |    78 |   118 |    50 ||   321
Block: Other             |       |    33 |    32 |    25 ||    90
       Reflection        |       |     3 |     1 |     3 ||     7
